Map: Para Site LE

Players

Cellsidus

  • Race: Zerg Zerg
  • League: Master
  • Spawn Location: 5:00

Melkor - Winner!

  • Race: Terran Terran
  • League: Master
  • Spawn Location: 11:00

VOD

Have the link to the VOD?

Description

Time

  • Played on: Sept. 7, 2018, 10:50 a.m.
  • Length: 18:00
Show
View Real Time Build Order
Export as new Build Order

Cellsidus Zerg 

Build Orders: Hatch First 

Get SALT Encoding   

  12  0:00  Drone  
  13  0:12  Overlord  
  13  0:16  Drone  
  14  0:31  Drone x2  
  14  0:35  Drone  
  17  0:53  Hatchery  
  17  0:55  Drone  
  17  0:58  Drone  
  18  1:09  Extractor  
  17  1:14  Spawning Pool  
  17  1:16  Drone  
  17  1:20  Drone  
  18  1:28  Drone  
  19  1:40  Overlord  
  19  1:50  Drone  
  20  2:00  Zergling x2  
  21  2:04  Queen x2  
  21  2:05  Zergling x2  
  26  2:09  Metabolic Boost  
  26  2:12  Drone  
  27  2:19  Drone  
  29  2:22  Drone  
  29  2:30  Drone  
  30  2:42  Queen  
  30  2:43  Overlord  
  32  2:44  Drone  
  32  2:45  Drone  
  32  2:50  Queen  
  36  3:05  Drone x4  
  39  3:09  Overlord  
  39  3:12  Overlord x2  
  39  3:13  Drone x2  
  41  3:31  Queen  
  41  3:32  Overlord  
  43  3:47  Queen  
  45  3:49  Drone  
  45  3:50  Hatchery, Drone x5  
  50  4:09  Hatchery  
  49  4:14  Zergling x2  
  49  4:15  Zergling x10  
  55  4:22  Baneling Nest  
  54  4:24  Queen  
  54  4:28  Drone  
  54  4:29  Drone x3, Extractor  
  59  4:31  Evolution Chamber  
  59  4:32  Drone  
  59  4:41  Zergling x2  
  59  4:42  Zergling x4  
  59  4:45  Zergling x4  
  64  5:08  Zergling x4, Zerg Ground Armor Level 1  
  64  5:09  Zergling x10  
  71  5:21  Drone x5, Queen  
  74  5:23  Drone  
  74  5:24  Drone x4  
  83  5:48  Zergling x2  
  84  5:53  Drone x2  
  84  5:54  Drone x2  
  84  5:55  Overlord x4  
  88  6:25  Zergling x8  
  91  6:26  Zergling x20  
  91  6:27  Zergling x14  
  91  6:31  Lair  
  107  7:02  Zerg Melee Weapons Level 1  
  107  7:03  Evolution Chamber, Drone x2  
  107  7:04  Drone, Extractor  
  107  7:05  Drone x2  
  110  7:10  Drone x2  
  110  7:11  Overlord x5  
  110  7:22  Hatchery  
  109  7:34  Baneling x8  
  109  7:35  Baneling x6  
  109  7:36  Zergling x2  
  109  7:37  Zergling x6  
  109  7:38  Zergling x32  
  109  7:42  Zerg Ground Armor Level 2  
  127  7:45  Hydralisk Den  
  105  8:05  Zergling x16  
  99  8:06  Zergling x16  
  99  8:07  Baneling  
  99  8:08  Baneling x10  
  108  8:21  Overlord x3  
  108  8:25  Queen  
  108  8:26  Queen  
  112  8:27  Queen  
  112  8:29  Queen  
  112  8:33  Extractor  
  116  8:34  Drone  
  116  8:35  Drone x9  
  116  8:36  Queen  
  116  8:37  Drone  
  116  8:38  Drone x2  
  116  8:39  Extractor  
  129  8:50  Muscular Augments, Hatchery  
  98  9:06  Zergling x10  
  98  9:07  Zergling x20  
  105  9:11  Hydralisk x3  
  105  9:12  Zergling x2  
  111  9:18  Zerg Melee Weapons Level 2  
  111  9:25  Hydralisk  
  111  9:26  Zergling x8, Hydralisk x3  
  111  9:27  Zergling x4  
  111  9:28  Zergling x6  
  128  9:32  Drone  
  129  9:44  Zergling x2, Hydralisk x3  
  129  9:45  Zergling x6  
  139  9:47  Baneling  
  139  9:48  Baneling  
  139  9:51  Drone  
  139  9:52  Drone x2  
  142  9:53  Drone x3  
  142  9:54  Drone  
  142  9:56  Drone x3  
  142  9:57  Extractor  
  148  10:01  Infestation Pit  
  148  10:03  Zergling x2  
  148  10:04  Zergling x20  
  158  10:17  Centrifical Hooks  
  158  10:19  Zergling x10  
  158  10:20  Zergling x12  
  169  10:29  Drone  
  169  10:31  Drone  
  169  10:32  Drone x9  
  169  10:34  Overlord  
  169  10:35  Overlord x2  
  180  10:38  Overlord x3  
  180  10:41  Baneling  
  180  10:42  Baneling x7  
  180  10:43  Baneling x8  
  180  10:54  Hydralisk x2  
  180  10:55  Zergling x2, Hydralisk x2  
  180  10:56  Zergling x8  
  180  10:57  Zergling x6  
  196  11:08  Hive  
  196  11:12  Queen  
  197  11:19  Zergling x2, Hydralisk  
  195  11:42  Queen  
  195  11:44  Zergling x4  
  199  12:05  Hydralisk  
  199  12:06  Zergling x6  
  199  12:09  Zergling x2  
  199  12:11  Baneling x2  
  199  12:12  Baneling x7  
  182  12:24  Drone  
  182  12:25  Drone x16  
  196  12:34  Hydralisk  
  196  12:35  Zergling x2  
  187  12:49  Zerg Ground Armor Level 3  
  187  12:51  Zerg Melee Weapons Level 3  
  159  12:52  Zergling x2, Hydralisk x4  
  159  12:53  Zergling x14, Hydralisk x7  
  159  12:54  Zergling x12, Hydralisk x2  
  199  13:00  Adrenal Glands  
  192  13:25  Viper  
  195  13:27  Overlord x3  
  195  13:30  Hatchery  
  194  13:47  Hatchery  
  193  14:02  Ultralisk Cavern  
  145  14:13  Zergling x6  
  145  14:14  Zergling x10  
  140  14:18  Zergling x4  
  140  14:19  Zergling x12  
  140  14:20  Zergling x12  
  140  14:21  Zergling x36  
  166  14:29  Zergling x2  
  166  14:30  Lair  
  163  14:36  Spawning Pool  
  151  14:51  Zergling x10  
  151  14:52  Zergling x6  
  133  15:02  Zergling x4  
  133  15:03  Zergling x4  
  133  15:05  Ultralisk x4  
  159  15:10  Drone x4  
  163  15:30  Zerg Missile Weapons Level 1  
  163  15:31  Chitinous Plating  
  163  15:32  Infestation Pit  
  163  15:33  Zergling x2, Ultralisk  
  163  15:34  Zergling x18  
  163  15:35  Zergling x6  
  181  15:36  Queen  
  161  16:01  Hatchery  
  155  16:05  Zergling x10  
  155  16:06  Ultralisk x2  
  155  16:09  Drone x6  
  155  16:10  Drone x2  
  155  16:11  Drone x2  
  169  16:25  Zergling x8  
  172  16:26  Zergling x12  
  166  17:01  Drone  
  166  17:02  Drone x2  
  166  17:03  Drone x3  
  166  17:04  Drone  
  166  17:05  Drone x3  
  166  17:06  Drone x5  
  179  17:14  Drone x2  
  179  17:15  Drone x2, Queen  
  185  17:20  Baneling  
  185  17:21  Baneling x19  
Show
View Real Time Build Order
Export as new Build Order

Melkor Terran - Winner!

Build Orders: Reaper Expand, Bio Tank 

Get SALT Encoding   

  12  0:00  SCV  
  13  0:12  SCV  
  14  0:17  Supply Depot  
  14  0:24  SCV  
  15  0:38  SCV  
  15  0:40  Barracks  
  16  0:42  Refinery  
  16  0:50  SCV  
  17  1:03  SCV  
  18  1:15  SCV  
  19  1:27  Reaper, Orbital Command  
  20  1:41  Command Center  
  20  1:54  Barracks  
  20  1:56  SCV  
  20  2:01  Barracks Reactor  
  21  2:08  SCV  
  21  2:10  Supply Depot  
  22  2:20  SCV  
  22  2:22  Refinery  
  23  2:27  Factory  
  23  2:33  SCV  
  24  2:42  Barracks Tech Lab, Marine x2  
  26  2:47  SCV  
  27  2:54  Orbital Command  
  27  2:59  SCV, Marine  
  27  3:00  Marine  
  30  3:08  Marine  
  30  3:10  Stimpack  
  31  3:17  Starport  
  31  3:19  SCV  
  32  3:22  Marine  
  32  3:24  Marine  
  34  3:34  SCV x2  
  34  3:35  Engineering Bay  
  34  3:38  Marine  
  34  3:39  Factory Reactor  
  36  3:44  Marine x2  
  38  3:48  SCV x2  
  38  3:54  Supply Depot  
  39  3:56  Supply Depot  
  39  4:05  SCV x2  
  39  4:09  Supply Depot, Marine x3  
  43  4:17  SCV x2  
  45  4:21  Medivac  
  45  4:22  Medivac  
  50  4:27  Marine  
  50  4:28  Marine x2  
  50  4:30  SCV  
  50  4:31  SCV  
  55  4:33  Barracks  
  55  4:35  Supply Depot  
  55  4:42  SCV, Supply Depot  
  55  4:43  SCV  
  57  4:48  Marine x3  
  60  4:55  Engineering Bay  
  60  4:56  Engineering Bay  
  60  5:00  Factory Tech Lab  
  60  5:01  SCV x2  
  60  5:04  Refinery  
  60  5:05  Refinery  
  60  5:06  Supply Depot  
  62  5:07  Marine x2  
  62  5:09  Marine  
  62  5:13  Combat Shields  
  65  5:16  SCV x2  
  70  5:23  Terran Infantry Armor Level 1, Terran Infantry Weapons Level 1  
  67  5:29  SCV x2, Supply Depot  
  66  5:43  Marine  
  66  5:44  Marine x4  
  66  5:46  Medivac, Siege Tank  
  66  5:47  SCV x2  
  78  5:53  Supply Depot  
  78  5:59  SCV x2  
  80  6:07  Marine  
  80  6:08  Supply Depot, Marine x4  
  85  6:11  SCV  
  85  6:12  SCV  
  87  6:25  Marine x2  
  87  6:26  Starport Reactor, Siege Tank, Marine  
  87  6:30  Marine x2  
  95  6:33  SCV x2  
  97  6:43  Marine  
  98  6:48  SCV x2  
  98  6:53  Command Center, Marine x2  
  98  6:54  Marine x2  
  103  7:00  Armory  
  103  7:01  Marine  
  104  7:02  Siege Tank  
  108  7:21  Marine x5  
  108  7:22  SCV x2  
  108  7:27  Armory  
  108  7:38  Marine  
  94  8:00  Marine x4  
  94  8:01  Marine  
  94  8:04  Siege Tank, Terran Infantry Weapons Level 2, Terran Infantry Armor Level 2  
  89  8:05  Orbital Command  
  89  8:06  SCV  
  89  8:07  SCV  
  89  8:10  Medivac  
  89  8:11  Medivac  
  95  8:19  SCV x2  
  97  8:26  Terran Vehicle Weapons Level 1  
  97  8:29  Concussive Shells  
  97  8:30  Barracks, Marine x4  
  97  8:31  SCV x2, Barracks x2, Marine  
  97  8:32  Barracks, Orbital Command  
  97  8:34  Barracks  
  104  8:41  Siege Tank  
  104  8:44  SCV x2  
  99  9:07  SCV x3, Marine x3  
  99  9:08  Marine x2  
  101  9:14  Siege Tank  
  104  9:18  Terran Vehicle And Ship Armor Level 1  
  104  9:20  Factory  
  104  9:21  Barracks Tech Lab x3, Barracks Reactor x2  
  105  9:29  Refinery  
  105  9:30  Refinery  
  104  9:34  Marauder, Marine x4  
  110  9:41  SCV x3  
  110  9:43  Marauder x3  
  110  9:44  Medivac x2  
  123  9:51  Marine  
  124  9:55  Supply Depot  
  124  9:56  Supply Depot  
  124  9:57  Supply Depot  
  124  9:58  Supply Depot, Marine  
  125  10:06  Factory Tech Lab  
  125  10:16  Marine x5  
  125  10:17  Siege Tank  
  125  10:18  Marauder  
  125  10:19  Marauder x3, Marine x3  
  145  10:24  Supply Depot  
  145  10:25  Supply Depot  
  144  10:30  Sensor Tower  
  144  10:35  Siege Tank, Terran Infantry Weapons Level 3  
  147  10:36  Terran Infantry Armor Level 3  
  147  10:51  Siege Tank  
  147  10:55  Command Center  
  158  10:57  Marauder x4, Marine x3  
  161  11:05  Marine x4  
  161  11:06  Marine  
  161  11:07  Siege Tank  
  169  11:12  Medivac x2  
  173  11:31  Marauder, Siege Tank, Marine x3  
  181  11:51  Liberator x2  
  181  12:02  Siege Tank, Terran Vehicle Weapons Level 2  
  181  12:03  Marauder x3, Supply Depot x2  
  181  12:04  Siege Tank, Supply Depot  
  181  12:07  Marine x2  
  182  12:09  Terran Vehicle And Ship Armor Level 2  
  182  12:13  Marine x4  
  182  12:14  Marauder, Marine x2  
  186  12:57  Marauder x3, Marine x4  
  186  12:58  Marine x4  
  193  13:19  Marauder x2, Marine  
  200  13:20  Marauder, Planetary Fortress  
  200  14:01  Liberator x2  
  164  14:11  Marauder x3  
  164  14:12  Marauder  
  164  14:16  Marine x2  
  165  14:17  Siege Tank x2  
  177  14:33  Marauder x3  
  178  14:47  Marauder, Marine x3  
  178  14:48  Marine x5  
  188  14:54  Marauder x2, Liberator  
  188  14:55  Liberator  
  164  15:08  Marauder  
  164  15:09  Marauder, Marine x8  
  164  15:11  Siege Tank x2  
  188  15:15  Marauder  
  188  15:16  Refinery  
  188  15:18  Refinery  
  190  15:27  Marauder, Marine x3  
  195  15:30  Marauder  
  197  15:40  Marauder, Marine  
  197  15:58  Marauder  
  196  16:33  Siege Tank  
  196  16:38  Command Center  
  196  16:39  Command Center  
  194  17:16  Marauder x2  
  174  17:36  Marauder, Marine  
  174  17:37  Marauder, Marine x6  
Tags
 
Add a new tag
Caveats
  • Supply blocks, unpowered buildings, or Contaminate may cause inaccurate times.
  • Supply counts are checked every 10 seconds.